 Dungeon Crawl Stone Soup version 0.31-a0-833-gc15d34cb79 (webtiles) character file.

Game seed: 10676122981797179292

9160 Kurtz the Severer (level 11, -1/72 HPs)
             Began as an Octopode Fighter on Sept 25, 2023.
             Was an Initiate of Gozag.
             Slain by a yak (13 damage)
             ... on level 9 of the Dungeon.
             The game lasted 00:25:57 (13828 turns).

Kurtz the Severer (Octopode Fighter)               Turns: 13828, Time: 00:25:58

Health: -1/72      AC:  1    Str: 18    XL:     11   Next: 42%
Magic:  0/11       EV: 14    Int: 11    God:    Gozag
Gold:   1273       SH:  5    Dex: 13    Spells: 10/10 levels left

rFire   . . .        f - +3 broad axe (heavy)
rCold   . . .        b - +0 buckler
rNeg    + + .        (helmet restricted)
rPois   .            d - amulet of guardian spirit
rElec   .            l - ring of positive energy
rCorr   +            n - ring of positive energy
SInv    .            x - ring of resist corrosion
Will    .....        (no ring)
Stlth   ++           (no ring)
HPRegen 0.32/turn    (no ring)
MPRegen 0.12/turn    (no ring)
                     (no ring)

%: guardian spirit
@: no status effects
A: almost no armour, amphibious, 8 rings, camouflage 1, gelatinous body 1,
(nimble swimmer 1), tentacles
a: Renounce Religion, Potion Petition, Call Merchant, Bribe Branch


You were on level 9 of the Dungeon.
You worshipped Gozag.
Gozag was most pleased with you.
You visited 2 branches of the dungeon, and saw 11 of its levels.
You also visited: Sewer and Ossuary.

You collected 1858 gold pieces.
You paid 585 gold pieces to Gozag.

Inventory:

Hand Weapons
 a - a +0 war axe
 f - a +3 heavy broad axe (weapon)
 G - a +4 morningstar of holy wrath
 J - a +5 hand axe
Missiles
 j - 4 curare-tipped darts
 o - 27 poisoned darts (quivered)
 p - 4 atropa-tipped darts
 F - 13 boomerangs
Armour
 b - a +0 buckler (worn)
Jewellery
 c - a ring of ice
 d - an amulet of guardian spirit (around mantle)
 l - a ring of positive energy (left tentacle)
 n - a ring of positive energy (right tentacle)
 x - a ring of resist corrosion (on tentacle)
Wands
 s - a wand of flame (1)
 y - a wand of iceblast (17)
 B - a wand of charming (2)
Scrolls
 i - a scroll of torment {unknown}
 k - a scroll of revelation
 q - a scroll of brand weapon
 t - 2 scrolls of poison {unknown}
 v - 2 scrolls of fear
 w - 3 scrolls of teleportation
 D - a scroll of amnesia {unknown}
 E - 2 scrolls of vulnerability {unknown}
 H - a scroll of fog {unknown}
 I - a scroll of noise {unknown}
 L - a scroll of identify
Potions
 e - 4 potions of curing
 g - a potion of lignification
 h - a potion of ambrosia
 m - 2 potions of degeneration
 r - a potion of haste {unknown}
 u - a potion of magic {unknown}
 z - 3 potions of enlightenment {unknown}
 A - 4 potions of cancellation {unknown}
 C - a potion of berserk rage {unknown}
 K - 2 potions of heal wounds


   Skills:
 * Level 6.0 Fighting
 * Level 15.5 Axes
 * Level 5.5 Dodging
 * Level 4.8 Shields


You had 10 spell levels left.
You didn't know any spells.
Your spell library contained the following spells:

 Spells                   Type           Power      Damage    Failure   Level
 Magic Dart               Conj           0%         1d3       41%         1
 Sting                    Tmut/Pois      0%         1d3       41%         1
 Call Imp                 Summ           0%         N/A       54%         2
 Poisonous Vapours        Pois/Air       0%         N/A       54%         2
 Dazzling Flash           Conj/Hex       0%         N/A       78%         3
 Mephitic Cloud           Conj/Pois/Air  0%         N/A       78%         3
 Ozocubu's Armour         Ice            0%         N/A       78%         3
 Volatile Blastmotes      Fire/Tloc      0%         2d10      78%         3
 Olgreb's Toxic Radiance  Pois           0%         N/A       99%         4
 Metabolic Englaciation   Hex/Ice        0%         N/A       100%        5
 Starburst                Conj/Fire      0%         6d3       100%        6
 Maxwell's Capacitive Co  Air            0%         ∞         100%        8
 Simulacrum               Ice/Necr       Unusable   N/A       N/A         6

Dungeon Overview and Level Annotations

Branches:
Dungeon (10/15)            Temple (1/1) D:4            Lair (0/5) D:9
    Orc (0/2) D:9           Sewer (visited)         Ossuary (visited)

Altars:
Ashenzari
Cheibriados
Dithmenos
Elyvilon
Fedhas
Gozag
Hepliaklqana
Kikubaaqudgha
Makhleb
Nemelex Xobeh
Okawaru
Qazlal
Ru
Sif Muna
Trog
Vehumet
Wu Jian
Xom
Yredelemnul
Zin
The Shining One

Shops:
D:9 [

Annotations:
D:8 exclusion: downstairs


Innate Abilities, Weirdness & Mutations

You cannot wear most types of armour.
You are amphibious.
You can wear up to eight rings at the same time.
Your skin changes colour to match your surroundings (Stealth+).
Your rubbery body absorbs attacks. (AC +1, EV +1)
((You are camouflaged when in or above water. (Stealth+)))
You have tentacles for arms and can constrict up to eight enemies at once.


Message History

L - a scroll of identify
As you read the scroll of identify, it crumbles to dust.
q - a scroll of brand weapon
Found a fluorescent wand.
A yak comes into view.
Okay, then.
The yak bellows!
A yak comes into view. x3
You see here a scroll of identify.
L - a scroll of identify
There is a stone staircase leading up here.
The yak closely misses you.
You climb upwards.
There is a stone staircase leading down here.
You hit the yak. You squeeze the yak.
The yak is lightly wounded.
The yak gores you.
You closely miss the yak. You squeeze the yak.
The yak is lightly wounded.
The yak barely misses you.
You hit the yak but do no damage. You squeeze the yak, but do no damage.
The yak is lightly wounded.
The yak gores you!
You closely miss the yak.
The yak is lightly wounded.
The yak gores you! x2
* * * LOW HITPOINT WARNING * * *
You barely miss the yak.
The yak is lightly wounded.
The yak misses you.
You slash the yak! Your squeeze misses the yak.
The yak is heavily wounded.
The yak misses you.
You closely miss the yak.
The yak is heavily wounded.
The yak gores you!
* * * LOW HITPOINT WARNING * * *
The yak gores you!
You die...
Your body crumbles into a pile of gold.

#....#............#...
#....#............#...
####'##.....##......~≈~
#...........#.......~≈≈
#...........#...~~..≈≈≈
#...........#...~≈≈~~≈≈
#......######...~~≈≈≈[~
#......'...##....~~≈≈[~
#.>...@#..........~≈≈~.
#.....Y#.........~~≈≈..
#......#.......~~~.≈≈~.
#......#..[>......~≈≈..
#......#...........~~≈≈
#......#..........~~~≈~
########..........)..~~
#....##...###..~~...~.
#....########.........


You could see a yak.

Vanquished Creatures
  2 two-headed ogres (D:8)
  Joseph (D:7)
  A troll (D:9)
  Grinder (D:3)
  A hornet (D:9)
  2 wyverns
  Eustachio (D:6)
  8 yaks
  A steam dragon (D:8)
  Duvessa (D:4)
  A water moccasin (D:3)
  4 ice beasts
  Pargi (Sewer)
  5 orc warriors
  2 sky beasts
  An ogre (D:4)
  4 wolves (D:9)
  4 centaurs
  2 kobold brigands (D:8)
  2 phantoms
  3 bullfrogs
  A gnoll sergeant (D:4)
  2 scorpions
  12 wights
  Dowan (D:4)
  5 electric eels
  A centaur zombie (Ossuary)
  2 jellies (D:3)
  6 hounds
  Crazy Yiuf (D:4)
  5 orc priests
  A gnoll bouda (D:7)
  3 human zombies (Ossuary)
  Ijyb (D:5)
  5 iguanas
  6 orc wizards
  2 mummies (Ossuary)
  13 gnolls
  5 adders
  A shadow imp (D:6)
  An ufetubus (D:4)
  3 worms
  2 dart slugs (D:1)
  27 orcs
  4 ball pythons
  5 endoplasms
  3 giant cockroaches (D:3)
  7 goblins
  5 hobgoblins
  10 jackals
  4 quokkas
  6 bats
  15 frilled lizards
  2 goblin zombies (Ossuary)
  11 hobgoblin zombies (Ossuary)
  12 kobolds
  10 kobold zombies (Ossuary)
  8 orc zombies (Ossuary)
  9 rats
  4 rat zombies
269 creatures vanquished.

Vanquished Creatures (collateral kills)
  4 yaks (D:9)
  A steam dragon (D:9)
5 creatures vanquished.

Vanquished Creatures (others)
  A yak (D:9)
1 creature vanquished.

Grand Total: 275 creatures vanquished

Notes
Turn   | Place    | Note
-------+----------+-------------------------------------------
     0 | D:1      | Kurtz the Octopode Fighter began the quest for the Orb.
     0 | D:1      | Reached XP level 1. HP: 16/16 MP: 1/1
   146 | D:1      | Reached XP level 2. HP: 21/21 MP: 2/2
   183 | D:1      | Reached skill level 3 in Axes
   384 | D:1      | Reached XP level 3. HP: 25/26 MP: 3/3
  1102 | D:2      | Reached skill level 4 in Axes
  1549 | D:3      | Noticed a water moccasin
  1554 | D:3      | Noticed Grinder
  1557 | D:3      | Reached XP level 4. HP: 31/31 MP: 4/4
  1559 | D:3      | Paralysed by Grinder for 2 turns
  1563 | D:3      | Killed Grinder
  1564 | D:3      | Reached skill level 6 in Axes
  1564 | D:3      | Reached XP level 5. HP: 29/36 MP: 5/5
  1564 | D:3      | Reached XP level 6. HP: 34/42 MP: 6/6
  1579 | D:3      | Killed a water moccasin
  1625 | D:3      | Reached skill level 7 in Axes
  1644 | D:3      | Found a glowing drain.
  1648 | Sewer    | Entered a sewer
  1721 | Sewer    | Noticed Pargi
  1766 | Sewer    | Killed Pargi
  1767 | Sewer    | Reached XP level 7. HP: 42/46 MP: 4/7
  2117 | D:3      | You fall into a shaft and drop 3 floors!
  2190 | D:6      | Found a sand-covered staircase.
  2210 | Ossuary  | Entered an ossuary
  2360 | Ossuary  | Reached skill level 8 in Axes
  2667 | D:5      | Entered Level 5 of the Dungeon
  3104 | D:3      | Found a shimmering altar of Xom.
  3116 | D:3      | Reached skill level 9 in Axes
  3211 | D:3      | Reached XP level 8. HP: 45/52 MP: 8/8
  3588 | D:4      | Found an ancient bone altar of Kikubaaqudgha.
  4130 | D:4      | Noticed Duvessa
  4130 | D:4      | Noticed Dowan
  4253 | D:4      | Found a runed translucent door.
  4254 | D:4      | Noticed Crazy Yiuf
  4311 | D:4      | Found a staircase to the Ecumenical Temple.
  4320 | Temple   | Entered the Ecumenical Temple
  4336 | Temple   | Became a worshipper of Gozag Ym Sagoz the Greedy
  4438 | D:4      | Killed Duvessa
  4445 | D:4      | Killed Dowan
  4446 | D:4      | Reached skill level 10 in Axes
  4865 | D:5      | Noticed a wyvern
  4875 | D:5      | Killed a wyvern
  4951 | D:5      | Found a shadowy altar of Dithmenos.
  4953 | D:5      | Found an ornate altar of the Wu Jian Council.
  5062 | D:5      | Found a glowing golden altar of the Shining One.
  5136 | D:5      | HP: 2/54 [ice beast (6)]
  5343 | D:5      | Identified a scroll of acquirement
  5350 | D:5      | Noticed Ijyb
  5352 | D:5      | Acquired a +1 heavy broad axe
  5362 | D:5      | Killed Ijyb
  5363 | D:5      | Reached XP level 9. HP: 48/58 MP: 7/9
  5930 | D:6      | Noticed Eustachio
  5951 | D:6      | Killed Eustachio
  6169 | D:6      | Reached skill level 11 in Axes
  7371 | D:7      | Reached skill level 12 in Axes
  7387 | D:7      | Noticed Joseph
  7397 | D:7      | HP: 2/88 [Joseph/+0 quarterstaff (10)]
  7415 | D:7      | Killed Joseph
  7866 | D:7      | Reached XP level 10. HP: 55/65 MP: 7/10
  8228 | D:7      | Reached skill level 13 in Axes
  8594 | D:8      | Noticed a two-headed ogre
  8685 | D:8      | Killed a two-headed ogre
  9044 | D:8      | Reached skill level 14 in Axes
  9780 | D:8      | Noticed a two-headed ogre
 10027 | D:8      | Found an iron altar of Okawaru.
 10027 | D:8      | Found a shimmering blue altar of Sif Muna.
 10316 | D:9      | Found Asilauph's Armour Shop.
 10316 | D:9      | Found a staircase to the Orcish Mines.
 10332 | D:9      | Paralysed by a hornet for 2 turns
 11344 | D:4      | Killed Crazy Yiuf
 11589 | D:9      | Reached skill level 5 in Fighting
 12043 | D:9      | Reached XP level 11. HP: 66/71 MP: 11/11
 12044 | D:9      | Reached skill level 15 in Axes
 12289 | D:9      | Found a staircase to the Lair.
 12656 | D:9      | Reached skill level 5 in Dodging
 13272 | D:8      | Killed a two-headed ogre
 13702 | D:10     | Entered Level 10 of the Dungeon
 13828 | D:9      | Slain by a yak

Illustrated notes

Levels and vault maps discovered:
D:1:      minmay_arrival_arboretum_small, layout_loops_corners
D:2:      layout_rooms, chequers_serial_rivers_small_b
D:3:      layout_basic, dk_xom_monty_hall, gup_sewer_entry_spiral,
          minmay_door_square, uniq_grinder
D:4:      layout_rooms, kiku_gazebo_garden_becter, minmay_temple_entry_junction,
          dreamdust_princess_bridge, minmay_pentomino_pile,
          uniq_crazy_yiuf_cottage, uniq_duvessa
D:5:      layout_basic, nicolae_overflow_hidden_temple, serial_glass,
          glass_columns_a, glass_columns_c, minmay_lizard_king, uniq_ijyb
D:6:      layout_layer_cave, enter_ossuary_4, lightli_minifort, uniq_eustachio
D:7:      layout_cave_pools, kennysheep_big_empty_room, uniq_joseph
D:8:      layout_layer_cave, nicolae_overflow_two_pavilions,
          minmay_fractal_squares_diagonal_5
D:9:      layout_gridville, erik_lair_island, orc_david_3
D:10:     layout_small_grid, enter_bailey_3
Temple:   nicolae_temple_great_sept

Skill      XL: |  1  2  3  4  5  6  7  8  9 10 11 |
---------------+----------------------------------+-----
Axes           | 3 4 6 7 9 10 12 14 15 | 15.5
Fighting       | 4 5 6 |  6.0
Dodging        | 4 5 |  5.5
Shields        | 4 |  4.8

Action                     |  1- 3 |  4- 6 |  7- 9 | 10-12 || total
---------------------------+-------+-------+-------+-------++-------
  Melee: War axe           |    71 |    25 |   203 |       ||   299
         Tentacles         |     6 |     4 |    62 |    26 ||    98
         Constrict         |    15 |     4 |    58 |    19 ||    96
         Punch             |     1 |     1 |     4 |     3 ||     9
         Broad axe         |       |       |    78 |   139 ||   217
         Hand axe          |       |       |       |     8 ||     8
  Throw: Dart              |       |     3 |    12 |    32 ||    47
         Throwing net      |       |       |     1 |       ||     1
 Invoke: Potion Petition   |       |       |     1 |       ||     1
  Evoke: Wand              |       |       |     8 |    68 ||    76
    Use: Potion            |       |     1 |    12 |     3 ||    16
         Scroll            |       |       |     7 |     6 ||    13
   Stab: Sleeping          |    12 |     4 |     9 |     3 ||    28
         Distracted        |       |     1 |     2 |       ||     3
         Invisible         |       |       |     1 |       ||     1
 Armour: Skin              |    22 |    10 |   158 |   123 ||   313
  Dodge: Dodged            |    46 |    12 |   148 |   101 ||   307
  Block: Buckler           |    17 |     3 |    49 |    43 ||   112

Table legend: (Time is in decaauts)
 A = Elapsed time spent in this place.
 B = Non-inter-level travel time spent in this place.
 C = Inter-level travel time spent in this place.
 D = Time resting spent in this place.
 E = Time spent auto-exploring this place.
 F = Levels seen in this place.
 G = Mean time per level.
                   A        B        C        D        E       F      G
               +--------+--------+--------+--------+--------+-----+--------+
         Total |  13996 |  12684 |   1312 |   2886 |   7122 |  13 | 1076.6 |
       Dungeon |  13315 |  12014 |   1301 |   2782 |   6848 |  10 | 1331.5 |
        Temple |     26 |     16 |     10 |      0 |      0 |   1 |   26.0 |
         Sewer |    268 |    268 |      0 |     37 |    160 |   1 |  268.0 |
       Ossuary |    385 |    385 |      0 |     67 |    114 |   1 |  385.0 |
               +--------+--------+--------+--------+--------+-----+--------+

Top non-repeatable levels by time:
     D:9: 2220 daAuts
     D:8: 2013 daAuts
     D:6: 1980 daAuts
     D:7: 1496 daAuts
     D:5: 1360 daAuts
     D:4: 1327 daAuts
     D:3: 1315 daAuts
     D:1: 883 daAuts
     D:2: 672 daAuts
 Ossuary: 385 daAuts
   Sewer: 268 daAuts
    D:10: 45 daAuts
  Temple: 26 daAuts
